 Dungeon Crawl Stone Soup version 0.17-a0-1882-g750edc8 (webtiles) character file.

8155 DecibelRebel the Severer (level 11, -1/101 HPs)
             Began as a Hill Orc Fighter on Sept 22, 2015.
             Was an Elder of Okawaru.
             Slain by an unseen horror (2 damage)
             ... on level 10 of the Dungeon.
             The game lasted 00:34:43 (10418 turns).

DecibelRebel the Severer (Hill Orc Fighter)        Turns: 10418, Time: 00:34:43

Health: -1/101     AC: 13    Str: 23      XL:     11   Next: 26%
Magic:  10/11      EV: 11    Int:  5      God:    Okawaru [****..]
Gold:   391        SH: 11    Dex:  9 (10) Spells: 0 memorised, 10 levels left

rFire  . . .     SeeInvis .     a - +0 war axe
rCold  . . .     Clarity  .     K - +1 ring mail {MR+}
rNeg   . . .     SustAt   .     c - +0 shield
rPois  .         Gourm    .     (no helmet)
rElec  .         Spirit   .     x - +2 cloak
rCorr  .         Warding  .     m - +0 pair of gloves
rMut   .         Stasis   .     (no boots)
MR     +....                    (no amulet)
Stlth  +.........               w - ring of loudness (curse)
                                A - -3 ring of intelligence (curse)

@: heroism, very slightly contaminated, hasted, very quick, somewhat resistant
to hostile enchantments, very unstealthy
A: no striking features
a: Heroism, Renounce Religion


You were on level 10 of the Dungeon.
You worshipped Okawaru.
Okawaru was greatly pleased with you.
You were very hungry.

You visited 2 branches of the dungeon, and saw 11 of its levels.

You collected 391 gold pieces.

Inventory:

Hand weapons
 a - a +0 war axe (weapon)
Armour
 b - a +0 scale mail
 c - a +0 shield (worn)
 m - a +0 pair of gloves (worn)
 x - a +2 cloak (worn)
 K - a +1 ring mail of magic resistance (worn)
Jewellery
 w - a cursed ring of loudness (right hand)
 A - a cursed -3 ring of intelligence (left hand)
 M - an uncursed ring of stealth {unknown}
Magical devices
 y - a wand of slowing (21)
 z - a wand of draining (10)
 L - a wand of paralysis (11)
Scrolls
 g - 3 scrolls of teleportation
 h - 5 scrolls of remove curse
 i - 2 scrolls of random uselessness
 j - 2 scrolls of enchant weapon
 k - 3 scrolls of recharging
 l - 7 scrolls of fear
 o - 3 scrolls of identify
 p - a scroll of enchant armour
 q - 2 scrolls of fog {unknown}
 v - 2 scrolls of amnesia {unknown}
 C - a scroll of magic mapping {unknown}
 D - a scroll of blinking {unknown}
 I - a scroll of torment {unknown}
 J - a scroll of noise {unknown}
Potions
 d - a potion of might
 f - 3 potions of lignification
 r - a potion of cancellation
 s - a potion of agility
 t - 2 potions of flight
 B - a potion of haste
Books
 u - a book of the Sky

   Spells                             Type                      Level
   a - Summon Lightning Spire         Summoning/Air                4
   b - Airstrike                      Air                          4
   c - Silence                        Hexes/Air                    5
   d - Deflect Missiles               Charms/Air                   6
   e - Conjure Ball Lightning         Conjuration/Air              6
   f - Tornado                        Air                          9
 G - a book of the Warp

   Spells                             Type                      Level
   a - Recall                         Summoning/Translocation      3
   b - Gell's Gravitas                Hexes/Translocation          3
   c - Force Lance                    Conjuration/Translocation    4
   d - Phase Shift                    Translocation                5
   e - Warp Weapon                    Charms/Translocation         5
   f - Summon Forest                  Summoning/Translocation      5
Comestibles
 e - 10 bread rations
 E - 6 beef jerkies
 N - 2 fruits


   Skills:
 * Level 10.8(15.8) Fighting
 + Level 17.3(22.3) Axes
 * Level 5.5(10.5) Armour
 - Level 3.2(8.2) Shields


You had 10 spell levels left.
You didn't know any spells.

Dungeon Overview and Level Annotations

Branches:
Dungeon (10/15)            Temple (1/1) D:5             Orc (0/4) D:9
   Lair: D:8-11

Altars:
Ashenzari
Cheibriados
Dithmenos
Elyvilon
Fedhas
Gozag
Kikubaaqudgha
Makhleb
Nemelex Xobeh
Okawaru
Qazlal
Ru
Sif Muna
Trog
Vehumet
Xom
Yredelemnul
Zin
The Shining One

Shops:
D:5 =   D:9 (


Message History

Something hits you.
* * * LOW HITPOINT WARNING * * *
You barely miss something. You block its attack. Something hits you!
* * * LOW HITPOINT WARNING * * *
Drink which item? (? for menu, Esc to quit)
You feel yourself speed up. Something hits you.
* * * LOW HITPOINT WARNING * * *
You are very lightly contaminated with residual magic.
You block its attack.
You hit something but do no damage. Something hits you but does no damage.
You hit something. Something hits you but does no damage.
Something hits you but does no damage. Something hits you but does no damage.
Something hits you.
* * * LOW HITPOINT WARNING * * *
Something hits you!
* * * LOW HITPOINT WARNING * * *
Something hits you but does no damage. Something hits you.
You die...

# #.....# #
#########.....# #
#..........>..# #
######.............# #
#....#.............# #
#.##.#.............#
###.##.#.............#
.......†......$.@....#
######.............<.#
# #...............# #
#...........##### #
#..########.# # #..#
#.# # #..########.# #
#........##.# #
#........##.#


There were no monsters in sight!

Vanquished Creatures
  Erolcha (D:9)
  Pikel (D:8)
  A hill giant (D:10)
  Joseph (D:8)
  The ghost of Mulkerokala the Covert, an experienced SpAs of Gozag (D:6)
  The ghost of DecibelRebel the Cleaver, an experienced HOFi (D:5)
  Psyche (D:8)
  A troll (D:10)
  3 yaks (D:10)
  A deep elf mage (D:9)
  Grum (D:9)
  3 wolves (D:9)
  A slave (D:8)
  A water moccasin (D:9)
  An ice beast (D:7)
  2 orc warriors
  A sky beast (D:6)
  2 phantoms
  A black bear (D:6)
  An eye of draining (D:10)
  4 ogres
  4 centaurs
  6 giant frogs
  3 scorpions
  2 electric eels (D:10)
  6 crimson imps
  A hound (D:5)
  7 orc wizards
  A quasit (D:10)
  2 giant frog zombies
  A jelly (D:5)
  4 centaur skeletons
  2 orc priests
  10 worker ants
  Jessica (D:2)
  3 giant frog skeletons
  An iguana (D:9)
  2 hound zombies
  8 gnolls
  18 adders
  3 shadow imps
  An ooze (D:4)
  3 worms
  An adder skeleton (D:8)
  An adder zombie (D:7)
  31 orcs
  7 bats
  6 giant cockroaches
  5 hobgoblins
  12 jackals
  2 ball pythons
  7 giant geckos
  A giant gecko skeleton (D:7)
  5 giant newts
  6 goblins
  A jackal skeleton (D:5)
  11 kobolds
  5 quokkas
  9 rats
229 creatures vanquished.

Vanquished Creatures (others)
  A hound skeleton (D:9)
1 creature vanquished.

Grand Total: 230 creatures vanquished

Notes
Turn   | Place    | Note
--------------------------------------------------------------
     0 | D:1      | DecibelRebel the Hill Orc Fighter began the quest for the Orb.
     0 | D:1      | Reached XP level 1. HP: 19/19 MP: 1/1
   246 | D:1      | Reached XP level 2. HP: 27/27 MP: 2/2
   395 | D:1      | Reached skill level 4 in Fighting
   800 | D:2      | Noticed Jessica
   820 | D:2      | Killed Jessica
   820 | D:2      | Reached XP level 3. HP: 18/34 MP: 3/3
   982 | D:2      | Found a faded altar to an unknown god.
  1070 | D:2      | Reached XP level 4. HP: 32/41 MP: 4/4
  1470 | D:2      | Reached XP level 5. HP: 47/47 MP: 5/5
  1508 | D:2      | Reached skill level 5 in Fighting
  1508 | D:2      | Reached skill level 5 in Axes
  2050 | D:3      | Reached skill level 6 in Axes
  2137 | D:3      | Reached XP level 6. HP: 26/56 MP: 6/6
  2884 | D:4      | Reached skill level 7 in Axes
  3285 | D:4      | Reached skill level 8 in Axes
  3647 | D:4      | Reached XP level 7. HP: 57/61 MP: 7/7
  4055 | D:4      | Reached skill level 9 in Axes
  4062 | D:5      | Entered Level 5 of the Dungeon
  4062 | D:5      | Found a staircase to the Ecumenical Temple.
  4107 | Temple   | Entered the Ecumenical Temple
  4215 | Temple   | Became a worshipper of Warmaster Okawaru
  4276 | D:5      | Found a burning altar of Makhleb.
  4661 | D:5      | Reached skill level 10 in Axes
  4724 | D:5      | Noticed DecibelRebel's ghost (experienced HOFi)
  4743 | D:5      | Killed DecibelRebel's ghost
  4743 | D:5      | Acquired Okawaru's first power
  4743 | D:5      | Reached skill level 11 in Axes
  4743 | D:5      | Reached XP level 8. HP: 23/68 MP: 8/8
  5058 | D:5      | Found Itazolu's Jewellery Shoppe.
  5198 | D:5      | Found an opulent altar of Gozag.
  5490 | D:6      | Reached skill level 12 in Axes
  5800 | D:6      | Noticed Mulkerokala's ghost (experienced SpAs)
  5854 | D:6      | Killed Mulkerokala's ghost
  5854 | D:6      | Reached skill level 13 in Axes
  5854 | D:6      | Reached XP level 9. HP: 69/74 MP: 9/9
  5982 | D:6      | Reached skill level 14 in Axes
  6423 | D:6      | Found a deep blue altar of Sif Muna.
  6424 | D:6      | Found a radiant altar of Vehumet.
  6655 | D:7      | Found a snail-covered altar of Cheibriados.
  6659 | D:7      | Found a shimmering altar of Xom.
  7069 | D:7      | Reached skill level 15 in Axes
  7750 | D:8      | Noticed Psyche
  7766 | D:8      | Killed Psyche
  7766 | D:8      | Reached skill level 16 in Axes
  7880 | D:8      | Noticed Pikel
  7896 | D:8      | Killed Pikel
  7896 | D:8      | Reached XP level 10. HP: 71/81 MP: 10/10
  8104 | D:8      | Noticed Joseph
  8142 | D:8      | Killed Joseph
  8142 | D:8      | Reached skill level 17 in Axes
  8485 | D:9      | Found a staircase to the Orcish Mines.
  8485 | D:9      | Found Pinomneu's Weapon Boutique.
  8755 | D:9      | Found a sparkling altar of Nemelex Xobeh.
  8890 | D:9      | Noticed Erolcha
  9153 | D:9      | Paralysed by Erolcha for 6 turns
  9164 | D:9      | Killed Erolcha
  9288 | D:9      | Noticed Grum
  9314 | D:9      | Killed Grum
  9743 | D:10     | Entered Level 10 of the Dungeon
  9752 | D:10     | Noticed a hill giant
  9758 | D:10     | Received a gift from Okawaru
  9758 | D:10     | Reached skill level 10 in Fighting
  9758 | D:10     | Reached XP level 11. HP: 95/100 MP: 11/11
  9760 | D:10     | Killed a hill giant
 10131 | D:10     | Reached skill level 5 in Armour
 10301 | D:10     | Acquired Okawaru's second power
 10416 | D:10     | HP: 1/101 [something (9)]
 10418 | D:10     | Slain by an unseen horror

Vault maps used:
D:1:      ncdulo_lavacross
D:2:      ecumenical_altar_2, uniq_jessica
D:5:      bloody_makhleb, kennysheep_mini, minmay_temple_entry_mist,
          serial_shops, kennysheep_mini_moat, first_bread
D:6:      gammafunk_temple_overflow_statue
D:7:      minitemple, grunt_ogre_cave
D:8:      uniq_joseph, uniq_pikel, uniq_psyche
D:9:      nemelex_altar_shiori, orc_david_3, uniq_erolcha, uniq_grum
D:10:     minivault_12
Temple:   eino_temple_water_12

Action                   |  1- 3 |  4- 6 |  7- 9 | 10-12 || total
-------------------------+-------+-------+-------+-------++-------
Melee: War axe           |    77 |   237 |   434 |   222 ||   970
Invok: Heroism           |       |       |     2 |     5 ||     7
  Use: Scroll            |       |     1 |    12 |     3 ||    16
       Potion            |       |       |     5 |     6 ||    11
  Eat: Chunk             |     1 |     8 |    10 |     6 ||    25
       Pizza             |       |       |     3 |       ||     3
       Fruit             |       |       |       |     2 ||     2
